 Dungeon Crawl Stone Soup version 0.17-a0-1614-g2062e81 (webtiles) character file.

2760 Oddball22 the Covert (level 9, -1/59 HPs)
             Began as an Octopode Warper on Aug 1, 2015.
             Was a Follower of Dithmenos.
             Slain by an orc warrior
             ... wielding a +0 war axe
              (12 damage)
             ... on level 7 of the Dungeon.
             The game lasted 00:46:07 (11864 turns).

Oddball22 the Covert (Octopode Warper)             Turns: 11864, Time: 00:46:07

Health: -1/59      AC:  1    Str:  7    XL:     9   Next: 69%
Magic:  15/15      EV: 18    Int: 16    God:    Dithmenos [*.....]
Gold:   396        SH:  0    Dex: 19    Spells: 6 memorised, 1 level left

rFire  . . .     SeeInvis +     b - +0 short sword (freeze)
rCold  . . .     Clarity  +     (no shield)
rNeg   . . .     SustAt   .     (helmet restricted)
rPois  .         Gourm    .     l - amulet of clarity
rElec  .         Spirit   .     A - +3 ring of evasion
rCorr  .         Warding  .     p - ring "Lonwig" {Str-3 Dex+5 SInv}
rMut   .         Stasis   .     (no ring)
MR     .....                    (no ring)
Stlth  ++++++....               (no ring)
                                (no ring)
                                (no ring)
                                (no ring)

@: wreathed by umbra, not resistant to hostile enchantments, very stealthy
A: almost no armour, amphibious, 8 rings, constrict 8, camouflage 1, gelatinous
body 1
a: Renounce Religion


You were on level 7 of the Dungeon.
You worshipped Dithmenos.
Dithmenos was aware of your devotion.
You were hungry.

You visited 2 branches of the dungeon, and saw 9 of its levels.

You collected 396 gold pieces.

Inventory:

Hand weapons
 a - a +0 blowgun
 b - a +0 short sword of freezing (weapon)
 h - a +1 spear
 L - a +0 spear of venom
Missiles
 d - 5 tomahawks of dispersal (quivered)
 v - 86 poisoned needles
 x - 8 poisoned tomahawks
 N - 4 tomahawks
Magical staves
 s - an uncursed staff of poison
Jewellery
 l - an amulet of clarity (around mantle)
 p - the ring "Lonwig" (right tentacle) {Str-3 Dex+5 SInv}
   (You found it on level 5 of the Dungeon)

   [ring of see invisible]

   It affects your strength (-3).
   It affects your dexterity (+5).
   It lets you see invisible.
 A - a +3 ring of evasion (left tentacle)
 D - an uncursed amulet of warding
Magical devices
 t - a wand of magic darts (19)
 B - a wand of cold (0)
 C - a wand of slowing (4)
 I - a wand of confusion (12)
Scrolls
 c - a scroll of blinking
 f - 3 scrolls of magic mapping {unknown}
 i - 4 scrolls of noise {unknown}
 k - 6 scrolls of teleportation {unknown}
 n - 3 scrolls of remove curse {unknown}
 o - a scroll of torment {unknown}
 q - 2 scrolls of fog {unknown}
 z - 4 scrolls of identify
 F - a scroll of enchant weapon {unknown}
Potions
 g - 2 potions of haste
 j - a potion of flight {unknown}
 m - a potion of agility {unknown}
 u - 2 potions of might {unknown}
 w - a potion of brilliance {unknown}
 E - a potion of berserk rage {unknown}
 G - a potion of mutation {unknown}
 J - a potion of heal wounds {unknown}
 K - a potion of lignification {unknown}
Books
 y - a book of Spatial Translocations

   Spells                             Type                      Level
   a - Apportation                    Translocation                1
   b - Blink                          Translocation                2
   c - Shroud of Golubria             Charms/Translocation         2
   d - Portal Projectile              Translocation                3
   e - Teleport Other                 Translocation                3
   f - Passage of Golubria            Translocation                4
Comestibles
 e - 2 bread rations
 r - 3 meat rations
 H - 3 fruits


   Skills:
 + Level 4.7 Fighting
 * Level 6.3 Short Blades
 - Level 1.0 Throwing
 + Level 4.7 Dodging
 - Level 8.1 Stealth
 - Level 4.1 Spellcasting
 + Level 6.3 Translocations
 - Level 3.8 Evocations


You had one spell level left.
You knew the following spells:

 Your Spells              Type           Power        Failure   Level  Hunger
a - Apportation           Tloc           ###.......   1%          1    None
b - Blink                 Tloc           N/A          1%          2    ##.....
c - Shroud of Golubria    Chrm/Tloc      ##........   10%         2    ##.....
d - Portal Projectile     Tloc           ###...       4%          3    ###....
e - Teleport Other        Tloc           ###.....     4%          3    ###....
f - Passage of Golubria   Tloc           N/A          14%         4    ####...


Dungeon Overview and Level Annotations

Branches:
Dungeon (8/15)             Temple (1/1) D:7
   Lair: D:8-11

Altars:
Dithmenos
Fedhas
Gozag
Kikubaaqudgha
Ru
Sif Muna
Zin
The Shining One

Annotations:
D:8 Erolcha


Innate Abilities, Weirdness & Mutations

You cannot wear most types of armour.
You are amphibious.
You can wear up to eight rings at the same time.
You can use your tentacles to constrict eight enemies at once.
Your skin changes colour to match your surroundings (Stealth).
Your rubbery body absorbs attacks (AC +1).


Message History

You constrict the orc warrior.
The orc warrior hits you with a war axe!
* * * LOW HITPOINT WARNING * * *
You are too injured to fight recklessly!
You are too injured to fight recklessly!
You hit the orc warrior but do no damage.
You squeeze the orc warrior.
The orc warrior is almost dead.
You constrict the orc warrior, but do no damage.
You hit the orc warrior but do no damage.
You squeeze the orc warrior, but do no damage.
The orc warrior is almost dead.
You constrict the orc warrior.
The orc warrior hits you with a war axe.
* * * LOW HITPOINT WARNING * * *
You hit the orc warrior but do no damage.
The orc warrior is almost dead.
You constrict the orc warrior, but do no damage.
The orc warrior hits you with a war axe!
You die...

#........##...........
#........##...........
#........##...........
#........##...........
####........##...########
#........................
#.#.........#############
#P###.####............... ##♣P#
#.##@...............# #PP♣#
#.##o#.......<.......
#P..###.##.#.......###.....
###♣.♣♣.#.....#.......###...#.
#.♣...♣P##.##.................
##..P♣♣♣P♣############.......##
#..♣♣♣..P.P.# ###P.....#####
#P♣......PP.# ###.P.........).
##P.........P##
#.♣..P.....#####


You could see an orc warrior.

Vanquished Creatures
  The ghost of clown the Covert, an experienced SpEn of Dithmenos (D:7)
  An ice beast (D:7)
  2 orc warriors (D:6)
  3 ogres
  A centaur (D:7)
  A phantom (D:4)
  2 sky beasts
  A big kobold (D:7)
  4 giant frogs
  A scorpion (D:5)
  5 wights (D:7)
  A jelly (D:7)
  A quasit (D:5)
  2 crimson imps
  A giant frog zombie (D:7)
  2 hounds
  2 giant frog skeletons
  An orc priest (D:4)
  3 iguanas
  4 orc wizards
  6 worker ants
  13 gnolls
  5 adders
  A shadow imp (D:6)
  2 oozes
  An adder zombie (D:7)
  A worm (D:3)
  An adder skeleton (D:5)
  20 orcs
  4 bats
  A giant cockroach (D:6)
  3 hobgoblins
  5 quokkas
  3 giant geckos
  A giant gecko skeleton (D:6)
  2 goblins
  24 kobolds
  9 rats
141 creatures vanquished.

Notes
Turn   | Place    | Note
--------------------------------------------------------------
     0 | D:1      | Oddball22 the Octopode Warper began the quest for the Orb.
     0 | D:1      | Reached XP level 1. HP: 14/14 MP: 3/3
   455 | D:1      | Reached skill level 1 in Stealth
   455 | D:1      | Reached XP level 2. HP: 16/19 MP: 5/5
   710 | D:2      | Learned a level 2 spell: Blink
   713 | D:2      | Learned a level 2 spell: Shroud of Golubria
  1038 | D:2      | Reached XP level 3. HP: 24/24 MP: 6/6
  1943 | D:3      | Reached XP level 4. HP: 29/29 MP: 7/7
  1975 | D:3      | Learned a level 3 spell: Portal Projectile
  2104 | D:3      | You fall through a shaft for 2 floors!
  2104 | D:5      | Entered Level 5 of the Dungeon
  2997 | D:3      | Reached skill level 4 in Stealth
  2997 | D:3      | Reached skill level 1 in Evocations
  3254 | D:3      | Reached XP level 5. HP: 34/34 MP: 9/9
  3855 | D:4      | Found an ancient bone altar of Kikubaaqudgha.
  3855 | D:4      | Found a blossoming altar of Fedhas.
  4267 | D:4      | Noticed a phantom
  4305 | D:4      | Killed a phantom
  4305 | D:4      | Reached skill level 5 in Stealth
  4305 | D:4      | Reached XP level 6. HP: 9/39 MP: 10/10
  4727 | D:4      | Reached skill level 6 in Stealth
  5096 | D:5      | Noticed an ogre
  5108 | D:4      | Learned a level 3 spell: Teleport Other
  5178 | D:5      | Killed an ogre
  5178 | D:5      | Reached XP level 7. HP: 18/45 MP: 12/12
  5449 | D:5      | Got a smoking steel ring
  5453 | D:5      | Identified the ring "Lonwig" {Str-3 Dex+5 SInv} (You found it on level 5 of the Dungeon)
  5643 | D:5      | Noticed a sky beast
  5670 | D:5      | Killed a sky beast
  5670 | D:5      | Reached skill level 7 in Stealth
  6402 | D:5      | Reached XP level 8. HP: 41/50 MP: 14/14
  6759 | D:5      | Reached skill level 8 in Stealth
  6892 | D:6      | Learned a level 4 spell: Passage of Golubria
  7575 | D:6      | Reached skill level 5 in Translocations
  8522 | D:6      | HP: 2/51 [orc warrior/mace (22)]
  8873 | D:6      | HP: 2/51 [orc warrior/mace (18)]
  9737 | D:7      | Found a staircase to the Ecumenical Temple.
  9746 | Temple   | Entered the Ecumenical Temple
  9750 | Temple   | Became a worshipper of Dithmenos the Shadowed
  9972 | D:7      | Reached XP level 9. HP: 31/58 MP: 15/15
 10228 | D:7      | Found a glowing golden altar of the Shining One.
 10282 | D:7      | Found a sacrificial altar of Ru.
 10602 | D:7      | Reached skill level 5 in Short Blades
 10695 | D:7      | Noticed clown's ghost (experienced SpEn)
 10771 | D:7      | Killed clown's ghost
 11831 | D:8      | Noticed Erolcha
 11864 | D:7      | Slain by an orc warrior

Vault maps used:
D:1:      lightli_arrival_flooded_house
D:4:      grunt_temple_overflow_growth_and_decay
D:5:      first_bread
D:6:      kennysheep_generic_room_14
D:7:      kennysheep_kobold_camp, lemuel_doored_altar, minmay_temple_entry_grid,
          nicolae_ru_path_of_blood
D:8:      slow_altar_2, kennysheep_mini_moat, minmay_lair_entry_lava,
          uniq_erolcha, uniq_psyche
Temple:   zaba_magenta_temple_12

Action                   |  1- 3 |  4- 6 |  7- 9 || total
-------------------------+-------+-------+-------++-------
Melee: Short sword       |    41 |    91 |   336 ||   468
       Spear             |       |       |    30 ||    30
 Fire: Blowgun           |       |       |     8 ||     8
 Cast: Apportation       |    10 |     4 |     1 ||    15
       Shroud of Golubri |     1 |       |     9 ||    10
       Teleport Other    |       |       |    12 ||    12
Evoke: Wand              |       |     8 |     1 ||     9
  Use: Scroll            |     1 |     2 |     2 ||     5
       Potion            |       |       |     3 ||     3
 Stab: Sleeping          |    11 |     2 |     9 ||    22
       Distracted        |       |     1 |     2 ||     3
  Eat: Chunk             |     3 |     5 |    20 ||    28
       Fruit             |       |     5 |     2 ||     7
       Pizza             |       |       |     1 ||     1
